Map: Mech Depot LE

Players

Neeb - Winner!

  • Race: Protoss Protoss
  • Spawn Location: 7:00

soul

  • Race: Terran Terran
  • Spawn Location: 1:00

Event: WCS Montreal 2017

VOD

Have the link to the VOD?

Description

Time

  • Played on: Sept. 9, 2017, 10:35 a.m.
  • Length: 14:04

All games in this series

Show
View Real Time Build Order
Export as new Build Order

Neeb Protoss - Winner!

Build Orders: 1 Gate Expand, Blink Stalkers 

Get SALT Encoding   

  12  0:00  Probe (Chrono Boost)  
  13  0:11  Probe (Chrono Boost)  
  14  0:18  Pylon  
  14  0:22  Probe (Chrono Boost)  
  15  0:36  Probe (Chrono Boost)  
  15  0:38  Gateway  
  16  0:46  Assimilator  
  16  0:47  Probe (Chrono Boost)  
  17  0:57  Probe (Chrono Boost)  
  18  1:08  Probe (Chrono Boost)  
  20  1:18  Probe (Chrono Boost)  
  20  1:26  Nexus  
  20  1:33  Cybernetics Core  
  20  1:36  Probe (Chrono Boost)  
  21  1:43  Assimilator  
  21  1:47  Probe (Chrono Boost)  
  21  1:52  Pylon  
  22  1:57  Probe (Chrono Boost)  
  23  2:10  Probe (Chrono Boost), Adept, Warp Gate  
  26  2:22  Mothership Core (Chrono Boost)  
  28  2:40  Probe (Chrono Boost), Robotics Facility  
  28  2:41  Probe (Chrono Boost)  
  30  2:50  Probe (Chrono Boost)  
  32  2:51  Probe (Chrono Boost)  
  32  3:01  Probe (Chrono Boost)  
  32  3:02  Probe (Chrono Boost), Twilight Council  
  34  3:10  Pylon  
  34  3:12  Probe x2 (Chrono Boost)  
  36  3:17  Gateway  
  36  3:18  Gateway  
  36  3:22  Probe (Chrono Boost)  
  36  3:23  Probe (Chrono Boost)  
  36  3:25  Blink (Chrono Boost)  
  36  3:26  Observer (Chrono Boost)  
  38  3:33  Probe x2  
  40  3:35  Pylon  
  41  3:44  Assimilator  
  41  3:46  Probe x2 (Chrono Boost)  
  43  3:55  Observer  
  44  3:57  Probe (Chrono Boost)  
  44  3:59  Probe (Chrono Boost)  
  46  4:07  Probe (Chrono Boost)  
  48  4:11  Probe (Chrono Boost)  
  48  4:14  Stalker x2  
  48  4:16  Warp Prism  
  54  4:18  Probe (Chrono Boost), Stalker  
  54  4:23  Probe (Chrono Boost)  
  58  4:24  Pylon  
  58  4:38  Stalker x2  
  62  4:42  Probe (Chrono Boost)  
  62  4:44  Probe (Chrono Boost)  
  62  4:49  Nexus  
  62  4:53  Probe (Chrono Boost)  
  62  4:58  Mothership Core (Chrono Boost), Pylon  
  65  5:00  Assimilator  
  65  5:05  Stalker x2  
  70  5:07  Probe (Chrono Boost)  
  70  5:11  Forge  
  70  5:18  Probe x2 (Chrono Boost)  
  72  5:28  Probe (Chrono Boost)  
  73  5:33  Probe (Chrono Boost), Observer  
  73  5:39  Probe (Chrono Boost)  
  73  5:40  Stalker x2  
  78  5:44  Pylon  
  78  5:46  Protoss Ground Weapons Level 1 (Chrono Boost)  
  78  5:54  Probe (Chrono Boost)  
  78  6:01  Probe (Chrono Boost)  
  78  6:03  Pylon  
  78  6:04  Stalker x3, Pylon  
  74  6:05  Probe (Chrono Boost)  
  74  6:06  Probe (Chrono Boost)  
  82  6:12  Probe (Chrono Boost)  
  82  6:14  Resonating Glaives  
  82  6:16  Probe (Chrono Boost)  
  82  6:18  Probe (Chrono Boost)  
  85  6:22  Probe (Chrono Boost)  
  85  6:25  Probe (Chrono Boost)  
  86  6:27  Stalker x3  
  86  6:28  Probe  
  93  6:33  Probe  
  93  6:39  Probe  
  94  6:42  Probe  
  94  6:58  Gateway  
  94  6:59  Immortal (Chrono Boost)  
  96  7:01  Gateway  
  96  7:02  Gateway  
  96  7:04  Stalker x2  
  96  7:06  Gateway x2  
  100  7:11  Forge  
  100  7:13  Sentry  
  100  7:14  Pylon  
  102  7:17  Pylon  
  102  7:18  Pylon  
  102  7:23  Pylon  
  102  7:31  Immortal (Chrono Boost)  
  94  7:37  Probe  
  94  7:42  Probe x2  
  95  7:45  Assimilator, Protoss Ground Armor Level 1 (Chrono Boost)  
  95  7:46  Protoss Ground Weapons Level 2 (Chrono Boost)  
  95  7:47  Assimilator  
  95  7:49  Probe  
  96  7:54  Probe x2, Sentry x2  
  96  7:55  Adept  
  104  8:03  Immortal  
  104  8:06  Dark Shrine  
  104  8:08  Nexus  
  104  8:09  Probe x3, Pylon  
  111  8:13  Pylon  
  111  8:19  Adept x2  
  115  8:20  Gateway, Adept x4  
  123  8:30  Photon Cannon  
  123  8:32  Robotics Bay  
  123  8:36  Pylon  
  123  8:40  Observer  
  124  8:49  Probe  
  124  8:51  Probe x2  
  127  8:58  Gateway  
  127  9:00  Gateway  
  127  9:01  Pylon  
  127  9:03  Pylon  
  127  9:06  Stalker x3, Observer  
  127  9:07  Stalker x3, Pylon  
  140  9:15  Charge  
  140  9:20  Colossus  
  140  9:22  Templar Archives  
  144  9:32  Stalker x4  
  148  9:40  Probe x2  
  148  9:41  Probe  
  137  9:48  Stalker x4  
  133  10:02  Nexus  
  133  10:15  Adept x4  
  143  10:32  Protoss Ground Weapons Level 3 (Chrono Boost), Protoss Ground Armor Level 2 (Chrono Boost)  
  138  10:44  Stalker x3  
  138  10:45  Stalker x4  
  145  10:50  Stalker  
  145  10:57  Stalker  
  144  11:02  Stalker  
  140  11:08  Stalker x2  
  144  11:15  Probe  
  144  11:17  Probe x2  
  145  11:20  Probe  
  145  11:23  Colossus  
  146  11:26  Probe  
  146  11:29  Probe  
  154  11:35  Probe x2  
  154  11:36  Probe  
  155  11:49  Psionic Storm  
  155  11:54  Assimilator  
  155  11:58  Assimilator  
  155  12:05  Stalker x9  
  171  12:24  Dark Templar x2  
  175  12:30  Adept x4  
  175  12:31  Adept x2  
  175  12:34  Probe  
  175  12:36  Probe x2  
  189  12:50  Colossus  
  185  13:00  Probe  
  185  13:02  Probe  
  185  13:03  Adept x4  
  185  13:04  Adept x2  
  199  13:10  Nexus  
  185  13:20  Pylon  
  175  13:29  Zealot x7  
  189  13:35  Pylon  
  189  13:39  Photon Cannon  
  167  13:57  Zealot x7  
  167  13:58  Zealot  
Show
View Real Time Build Order
Export as new Build Order

soul Terran 

Build Orders: MMM Bio 

Get SALT Encoding   

  12  0:00  SCV  
  13  0:12  SCV  
  14  0:17  Supply Depot  
  14  0:25  SCV  
  15  0:29  Refinery  
  15  0:39  SCV  
  16  0:45  Barracks  
  16  0:51  SCV  
  17  1:03  SCV  
  18  1:16  SCV  
  19  1:32  Marine  
  19  1:33  Orbital Command  
  20  1:44  Command Center  
  20  1:59  SCV  
  21  2:01  Factory  
  21  2:03  Barracks Reactor  
  21  2:10  Supply Depot  
  21  2:13  SCV  
  22  2:25  SCV  
  23  2:37  SCV  
  23  2:40  Marine x2  
  26  2:45  Widow Mine  
  26  2:46  Starport  
  26  2:50  SCV  
  29  2:58  Marine x2  
  29  3:02  SCV  
  32  3:11  Orbital Command  
  32  3:14  SCV  
  32  3:16  Marine x2  
  35  3:24  Medivac  
  35  3:25  Widow Mine  
  35  3:26  SCV  
  40  3:33  Command Center  
  40  3:36  SCV  
  40  3:38  SCV  
  42  3:45  Supply Depot  
  42  3:46  Marine x2  
  44  3:48  SCV  
  44  3:50  SCV  
  46  4:07  Viking, Marine, SCV x2  
  46  4:09  Barracks  
  51  4:12  Barracks  
  51  4:16  Refinery  
  51  4:19  Supply Depot, SCV x2  
  51  4:23  Engineering Bay  
  53  4:25  Marine  
  53  4:26  Refinery  
  54  4:36  Marine  
  54  4:39  SCV  
  54  4:41  SCV  
  54  4:42  Marine  
  54  4:48  Orbital Command  
  54  4:49  Starport Tech Lab, Factory Tech Lab  
  54  4:51  SCV  
  55  4:55  SCV, Refinery  
  56  5:03  SCV  
  56  5:05  Terran Infantry Weapons Level 1  
  56  5:06  Barracks, Barracks Tech Lab  
  57  5:07  Barracks  
  57  5:09  SCV  
  57  5:10  Supply Depot  
  58  5:15  Siege Tank  
  58  5:18  Starport Reactor  
  58  5:19  SCV x2  
  63  5:21  Marine  
  63  5:24  Marine, SCV  
  66  5:31  SCV  
  66  5:33  Marine, SCV  
  66  5:34  Marine  
  67  5:36  Supply Depot  
  67  5:37  Stimpack  
  67  5:39  Marine  
  68  5:44  Marine  
  68  5:45  Bunker  
  68  5:47  Siege Tank  
  71  5:51  SCV  
  71  5:52  Marauder  
  71  5:53  Marine  
  71  5:54  Marauder  
  74  5:58  SCV  
  74  5:59  Marine, SCV  
  74  6:03  SCV  
  76  6:09  Marine  
  78  6:16  Supply Depot  
  74  6:26  Barracks Reactor, Barracks Tech Lab  
  74  6:35  Combat Shields  
  74  6:37  Marine x2  
  74  6:38  SCV  
  77  6:41  Marauder  
  77  6:43  Marine  
  77  6:45  Orbital Command, SCV  
  75  6:50  Siege Tank, Marine  
  76  6:55  Marine  
  76  6:59  Marine  
  76  7:00  SCV x2  
  77  7:04  Terran Infantry Armor Level 1  
  77  7:17  Supply Depot x3  
  77  7:25  Medivac x2, SCV x3, Marauder  
  85  7:30  Marauder  
  85  7:32  Marine, Marauder  
  85  7:34  Marine, Factory Reactor  
  84  7:37  SCV, Concussive Shells  
  84  7:38  SCV x2  
  84  7:39  Marine  
  87  7:46  Marine, Marauder  
  87  7:47  Supply Depot  
  87  7:48  Supply Depot  
  87  7:49  SCV  
  87  7:50  SCV x2  
  95  7:51  Marauder  
  95  7:53  Marauder  
  95  7:55  Starport  
  95  7:56  Armory  
  95  7:57  Refinery  
  97  8:01  SCV, Engineering Bay  
  97  8:02  SCV  
  97  8:04  Medivac  
  97  8:05  Missile Turret  
  101  8:08  Marauder  
  101  8:09  Medivac  
  101  8:12  Widow Mine x2, Marauder  
  111  8:15  Sensor Tower  
  111  8:22  Marine  
  111  8:23  Marine, Marauder  
  115  8:29  Marauder  
  115  8:34  Marine x2, Marauder  
  120  8:40  Marine x2  
  122  8:44  Marauder  
  122  8:45  Supply Depot  
  123  8:50  Liberator  
  123  8:51  Marauder  
  124  8:57  Marine  
  124  9:01  Supply Depot  
  125  9:05  Liberator x2  
  125  9:07  Marine, Marauder x2  
  133  9:11  Refinery  
  133  9:19  Command Center, Missile Turret  
  133  9:21  SCV  
  133  9:22  Supply Depot x2  
  133  9:23  Supply Depot, SCV x2  
  141  9:25  Liberator  
  141  9:26  Terran Infantry Weapons Level 2  
  141  9:32  Liberator  
  141  9:33  Terran Infantry Armor Level 2  
  141  9:35  Marine  
  141  9:36  Marine, Marauder  
  141  9:37  Marine  
  141  9:38  Marauder  
  141  9:39  Marine  
  141  9:41  Marauder  
  133  9:48  Liberator  
  133  9:51  Liberator  
  136  9:53  Marine  
  136  9:54  Marine  
  136  9:57  Marine, Marauder  
  136  9:59  Marine  
  123  10:02  Marine, Marauder  
  124  10:07  Liberator  
  124  10:11  Marine  
  124  10:13  Marine  
  126  10:16  Marine  
  126  10:18  Marauder  
  126  10:20  Marauder  
  131  10:23  Marauder  
  131  10:24  Marine  
  137  10:29  Marine  
  137  10:31  Marine  
  137  10:33  Marine  
  140  10:36  Planetary Fortress  
  140  10:40  Marauder  
  140  10:41  Marine  
  140  10:42  Marine  
  137  10:45  Marauder  
  137  10:47  Medivac, Marine  
  137  10:48  Marine  
  134  10:51  Marine  
  134  11:00  Marine, Marauder  
  134  11:01  Medivac, Marauder  
  139  11:05  Marine  
  139  11:06  Medivac, Marauder  
  139  11:10  Refinery  
  144  11:13  Missile Turret  
  144  11:14  Medivac  
  144  11:18  Missile Turret  
  143  11:19  SCV x3  
  143  11:21  Marauder  
  143  11:22  Marauder  
  143  11:24  Marine  
  151  11:27  Medivac  
  151  11:31  SCV x3  
  155  11:40  Marine  
  155  11:41  Marauder  
  155  11:43  SCV x3  
  155  11:46  Sensor Tower, Medivac  
  155  11:47  Marine, Marauder  
  160  11:49  Medivac, Marine  
  160  11:52  Marauder  
  168  11:55  SCV x2  
  168  11:56  Refinery  
  168  12:00  SCV  
  171  12:07  SCV x2  
  172  12:12  Viking x2, SCV  
  176  12:19  Viking  
  177  12:23  Ghost Academy, Marine  
  177  12:24  Marine x2  
  177  12:25  Marine  
  180  12:34  Sensor Tower  
  180  12:40  Marine  
  180  12:41  Marine, Marauder  
  180  12:42  Marine  
  165  12:52  Marine  
  165  12:54  Marine  
  165  12:57  Marine  
  151  12:58  Marauder  
  151  13:00  Marine, Marauder  
  151  13:02  Marauder  
  148  13:10  Marine  
  148  13:12  Marine  
  146  13:15  Marine  
  144  13:20  Marauder  
  144  13:21  SCV, Marauder  
  144  13:23  Marine  
  144  13:24  SCV, Marauder  
  124  13:28  Marine  
  124  13:30  Marine  
  124  13:32  Marine  
  124  13:33  SCV  
  125  13:41  Marine, Marauder  
  127  13:42  Marauder  
  127  13:45  Marine  
Tags
 
Add a new tag
Caveats
  • Supply blocks, unpowered buildings, or Contaminate may cause inaccurate times.
  • Supply counts are checked every 10 seconds.